[ AOE2 MATCH · #491089510 ]
UnrankedPoles vs Ethiopians
[ REPLAY ANALYSIS · EXTRACTED FROM THE RECORDED GAME ]
Feudal
9:16
Castle
17:35
Imperial
32:48
| APM avg | 63.2 |
| APM peak | 91 |
| eAPM avg | 40.6 |
| Villagers / military | 151 / 117 |
Focus
⚔️ 52.2% · 🌾 47.8%
Knight ×108 · Scout Cavalry ×7 · Trebuchet (Packed) ×2
Feudal
9:32
Castle
25:35
Imperial
35:19
| APM avg | 39.5 |
| APM peak | 81 |
| eAPM avg | 19.4 |
| Villagers / military | 82 / 21 |
Focus
⚔️ 40.4% · 🌾 59.6%
Monk ×10 · Militia ×6 · Archer ×5
Feudal
10:56
Castle
14:51
Imperial
32:28
| APM avg | 43.3 |
| APM peak | 81 |
| eAPM avg | 22.1 |
| Villagers / military | 137 / 84 |
Focus
⚔️ 48.0% · 🌾 52.0%
Janissary ×81 · Bombard Cannon ×2 · Mangonel ×1
Feudal
8:36
Castle
20:35
Imperial
—
| APM avg | 45.5 |
| APM peak | 83 |
| eAPM avg | 23.6 |
| Villagers / military | 96 / 93 |
Focus
⚔️ 43.4% · 🌾 56.6%
Archer ×93
Feudal
8:53
Castle
22:45
Imperial
—
| APM avg | 41.1 |
| APM peak | 96 |
| eAPM avg | 22.0 |
| Villagers / military | 108 / 25 |
Focus
⚔️ 36.9% · 🌾 63.1%
War Elephant ×18 · Militia ×5 · Monk ×2
Feudal
11:11
Castle
14:47
Imperial
34:24
| APM avg | 48.6 |
| APM peak | 89 |
| eAPM avg | 22.5 |
| Villagers / military | 127 / 51 |
Focus
⚔️ 19.7% · 🌾 80.3%
Knight ×47 · Longbowman ×3 · Trebuchet (Packed) ×1
Match map
Initial resources + every placement click. Lines = walls · curves = elevation contours. ◆ gold · ⬟ stone · ● berries · ✦ relic · ◌ wall gap
Your base· ✓ Closed at 17:35 · 1t walls · 2 gate(s)
LvSP | Réyiman's base· ✓ Closed at 25:35 · 29t walls · 4 gate(s)
retaux's base· ✓ Closed at 14:51 · 4t walls · 2 gate(s)
KrazyHands's base· ✓ Closed at 20:35 · 3t walls · 2 gate(s)
Boost'Hate John's base· ✓ Closed at 22:45 · 8t walls · 5 gate(s)
pau7o's base· ✓ Closed at 14:47 · 0t walls · 4 gate(s)
Smoothed initial terrain · ◌ = detected wall gap · hover for details
Inputs per minute
— TAG_Sitaux - - LvSP | Réyiman
Build order — TAG_Sitaux
First 150 of 469 actions detected
| 0:01 | Create | Villager (Male) |
| 0:01 | Create | Villager (Male) |
| 0:02 | Build | House |
| 0:02 | Build | House |
| 0:07 | Create | Villager (Male) |
| 0:08 | Create | Villager (Male) |
| 0:08 | Create | Villager (Male) |
| 1:30 | Create | Villager (Male) |
| 1:30 | Create | Villager (Male) |
| 1:42 | Create | Villager (Male) |
| 1:58 | Build | Lumber Camp |
| 2:08 | Create | Villager (Male) |
| 2:08 | Create | Villager (Male) |
| 2:31 | Create | Villager (Male) |
| 2:32 | Create | Villager (Male) |
| 2:59 | Create | Villager (Male) |
| 2:59 | Create | Villager (Male) |
| 3:36 | Create | Villager (Male) |
| 3:37 | Create | Villager (Male) |
| 3:41 | Build | House |
| 3:42 | Build | House |
| 3:53 | Build | House |
| 4:07 | Create | Villager (Male) |
| 4:07 | Create | Villager (Male) |
| 4:07 | Create | Villager (Male) |
| 4:19 | Build | Mill |
| 4:32 | Create | Villager (Male) |
| 4:32 | Create | Villager (Male) |
| 4:56 | Create | Villager (Male) |
| 5:08 | Create | Villager (Male) |
| 5:08 | Create | Villager (Male) |
| 5:43 | Create | Villager (Male) |
| 6:40 | Create | Villager (Male) |
| 7:06 | Research | Feudal Age |
| 7:06 | Research | Feudal Age |
| 7:35 | Build | Barracks |
| 8:20 | Create | Villager (Male) |
| 9:16 | Age | Feudal Age |
| 9:18 | Build | Stable |
| 9:22 | Build | Palisade Wall |
| 9:25 | Research | Double-Bit Axe |
| 9:25 | Research | Double-Bit Axe |
| 9:25 | Research | Horse Collar |
| 9:26 | Research | Horse Collar |
| 9:27 | Create | Villager (Male) |
| 9:46 | Create | Villager (Male) |
| 9:48 | Build | Farm |
| 10:00 | Create | Scout Cavalry |
| 10:02 | Build | House |
| 10:05 | Create | Villager (Male) |
| 10:07 | Create | Scout Cavalry |
| 10:16 | Build | Farm |
| 10:33 | Build | Farm |
| 10:39 | Build | House |
| 10:48 | Create | Villager (Male) |
| 11:06 | Create | Villager (Male) |
| 11:10 | Create | Scout Cavalry |
| 11:16 | Build | Farm |
| 11:17 | Build | Farm |
| 11:22 | Build | Farm |
| 11:23 | Create | Villager (Male) |
| 11:30 | Create | Scout Cavalry |
| 11:36 | Build | Farm |
| 12:00 | Build | Mill |
| 12:02 | Create | Scout Cavalry |
| 12:07 | Research | Bloodlines |
| 12:07 | Research | Bloodlines |
| 12:13 | Create | Villager (Male) |
| 12:15 | Build | Farm |
| 12:39 | Create | Villager (Male) |
| 12:41 | Build | Mining Camp |
| 12:43 | Build | Farm |
| 12:44 | Build | Farm |
| 12:56 | Build | Farm |
| 12:57 | Create | Villager (Male) |
| 13:26 | Create | Villager (Male) |
| 13:29 | Build | Blacksmith |
| 13:53 | Create | Villager (Male) |
| 14:15 | Build | House |
| 14:16 | Build | House |
| 14:19 | Build | Lumber Camp |
| 14:20 | Create | Villager (Male) |
| 14:49 | Build | Farm |
| 14:55 | Research | Castle Age |
| 14:55 | Research | Castle Age |
| 14:55 | Research | Castle Age |
| 15:24 | Create | Scout Cavalry |
| 15:50 | Research | Scale Barding Armor |
| 15:50 | Research | Scale Barding Armor |
| 15:53 | Create | Scout Cavalry |
| 16:00 | Build | Farm |
| 16:04 | Build | Farm |
| 16:14 | Research | Bloodlines |
| 16:15 | Research | Bloodlines |
| 16:25 | Research | Scale Barding Armor |
| 16:25 | Research | Scale Barding Armor |
| 17:08 | Create | Villager (Male) |
| 17:35 | Age | Castle Age |
| 17:36 | Create | Knight |
| 17:42 | Build | Town Center |
| 17:43 | Research | Bow Saw |
| 17:43 | Research | Bow Saw |
| 17:43 | Research | Heavy Plow |
| 17:44 | Research | Heavy Plow |
| 17:47 | Create | Villager (Male) |
| 17:50 | Build | Town Center |
| 18:25 | Create | Villager (Male) |
| 18:40 | Build | Farm |
| 18:44 | Research | Wheelbarrow |
| 18:45 | Research | Wheelbarrow |
| 18:56 | Build | Farm |
| 19:04 | Create | Villager (Male) |
| 19:11 | Create | Villager (Male) |
| 19:19 | Create | Knight |
| 19:24 | Create | Villager (Male) |
| 19:29 | Create | Villager (Male) |
| 19:40 | Create | Villager (Male) |
| 19:42 | Create | Villager (Male) |
| 19:45 | Research | Husbandry |
| 19:46 | Research | Husbandry |
| 20:03 | Create | Villager (Male) |
| 20:05 | Create | Villager (Male) |
| 20:07 | Build | Town Center |
| 20:28 | Create | Villager (Male) |
| 20:30 | Create | Villager (Male) |
| 20:37 | Create | Villager (Male) |
| 20:38 | Create | Villager (Male) |
| 20:39 | Create | Villager (Male) |
| 20:52 | Create | Knight |
| 20:53 | Create | Villager (Male) |
| 21:00 | Create | Villager (Male) |
| 21:01 | Create | Villager (Male) |
| 21:05 | Build | Mill |
| 21:06 | Build | Farm |
| 21:07 | Build | Farm |
| 21:08 | Create | Villager (Male) |
| 21:09 | Create | Villager (Male) |
| 21:13 | Create | Villager (Male) |
| 21:16 | Build | Mill |
| 21:17 | Build | Farm |
| 21:17 | Build | Farm |
| 21:17 | Build | Farm |
| 21:17 | Build | Farm |
| 21:20 | Build | Farm |
| 21:27 | Create | Villager (Male) |
| 21:27 | Create | Villager (Male) |
| 21:34 | Create | Villager (Male) |
| 21:36 | Build | Farm |
| 21:36 | Build | Farm |
| 21:36 | Build | Farm |
Build order — LvSP | Réyiman
First 150 of 234 actions detected
| 0:01 | Create | Villager (Male) |
| 0:01 | Create | Villager (Male) |
| 0:02 | Build | House |
| 0:03 | Build | House |
| 0:06 | Create | Villager (Male) |
| 0:07 | Create | Villager (Male) |
| 0:07 | Create | Villager (Male) |
| 1:28 | Create | Villager (Male) |
| 1:29 | Create | Villager (Male) |
| 1:50 | Build | Lumber Camp |
| 2:08 | Create | Villager (Male) |
| 2:09 | Create | Villager (Male) |
| 2:09 | Create | Villager (Male) |
| 2:29 | Create | Villager (Male) |
| 2:30 | Create | Villager (Male) |
| 3:24 | Create | Villager (Male) |
| 3:24 | Create | Villager (Male) |
| 3:50 | Create | Villager (Male) |
| 3:56 | Build | House |
| 4:14 | Create | Villager (Male) |
| 4:29 | Build | House |
| 4:33 | Create | Villager (Male) |
| 5:03 | Create | Villager (Male) |
| 5:04 | Create | Villager (Male) |
| 5:25 | Build | Mining Camp |
| 5:36 | Build | Barracks |
| 5:47 | Create | Villager (Male) |
| 6:08 | Create | Villager (Male) |
| 6:51 | Create | Villager (Male) |
| 7:22 | Research | Feudal Age |
| 7:32 | Build | Mining Camp |
| 7:39 | Create | Militia |
| 7:39 | Create | Militia |
| 7:56 | Create | Militia |
| 7:57 | Create | Militia |
| 8:22 | Create | Militia |
| 8:22 | Create | Militia |
| 8:50 | Create | Villager (Male) |
| 9:32 | Age | Feudal Age |
| 9:35 | Build | Archery Range |
| 9:45 | Create | Villager (Male) |
| 9:57 | Build | Stone Wall |
| 10:01 | Build | Gate |
| 10:07 | Research | Loom |
| 10:08 | Research | Loom |
| 10:15 | Build | Stone Wall |
| 10:16 | Build | Stone Wall |
| 10:19 | Build | Stone Wall |
| 10:23 | Build | Stone Wall |
| 10:25 | Create | Villager (Male) |
| 10:28 | Build | House |
| 10:33 | Create | Archer |
| 10:34 | Create | Archer |
| 10:34 | Create | Archer |
| 10:46 | Create | Villager (Male) |
| 10:53 | Build | Stone Wall |
| 10:59 | Build | Stone Wall |
| 11:00 | Create | Villager (Male) |
| 11:32 | Create | Archer |
| 11:33 | Create | Villager (Male) |
| 11:38 | Build | Lumber Camp |
| 11:50 | Create | Villager (Male) |
| 12:01 | Create | Villager (Male) |
| 12:08 | Create | Villager (Male) |
| 12:12 | Build | Mill |
| 12:18 | Research | Town Watch |
| 12:18 | Research | Town Watch |
| 12:27 | Build | House |
| 12:37 | Create | Archer |
| 12:40 | Create | Villager (Male) |
| 12:47 | Build | Mining Camp |
| 12:50 | Build | House |
| 12:54 | Research | Double-Bit Axe |
| 12:54 | Research | Double-Bit Axe |
| 13:25 | Create | Villager (Male) |
| 13:30 | Build | Farm |
| 13:34 | Build | Farm |
| 13:55 | Build | Farm |
| 13:55 | Create | Villager (Male) |
| 14:06 | Build | Stone Wall |
| 14:08 | Build | Stone Wall |
| 14:24 | Build | Farm |
| 14:31 | Build | Watch Tower |
| 14:40 | Create | Villager (Male) |
| 14:40 | Create | Villager (Male) |
| 14:44 | Build | Farm |
| 14:45 | Build | Farm |
| 14:48 | Build | Farm |
| 14:49 | Build | Farm |
| 14:49 | Build | Farm |
| 14:50 | Build | Farm |
| 15:15 | Build | Farm |
| 15:19 | Build | Farm |
| 15:20 | Create | Villager (Male) |
| 15:47 | Create | Villager (Male) |
| 15:47 | Create | Villager (Male) |
| 15:49 | Build | Farm |
| 16:02 | Build | Stone Wall |
| 16:04 | Build | Stone Wall |
| 16:07 | Build | Stone Wall |
| 16:08 | Build | Stone Wall |
| 16:09 | Build | Stone Wall |
| 16:13 | Create | Villager (Male) |
| 16:17 | Create | Villager (Male) |
| 16:25 | Build | Stone Wall |
| 16:27 | Build | Stone Wall |
| 16:28 | Build | Stone Wall |
| 16:30 | Build | Stone Wall |
| 16:54 | Build | Market |
| 17:03 | Create | Villager (Male) |
| 17:06 | Build | Farm |
| 17:20 | Research | Double-Bit Axe |
| 17:20 | Research | Double-Bit Axe |
| 17:26 | Research | Horse Collar |
| 17:37 | Create | Villager (Male) |
| 18:01 | Create | Villager (Male) |
| 18:15 | Create | Villager (Male) |
| 18:36 | Build | House |
| 18:54 | Research | Wheelbarrow |
| 18:54 | Research | Wheelbarrow |
| 19:03 | Build | House |
| 19:04 | Build | House |
| 19:29 | Build | House |
| 19:58 | Create | Villager (Male) |
| 20:22 | Build | Mining Camp |
| 20:30 | Create | Villager (Male) |
| 20:41 | Build | Farm |
| 20:52 | Build | House |
| 20:53 | Build | House |
| 21:00 | Create | Villager (Male) |
| 21:22 | Create | Villager (Male) |
| 22:05 | Create | Villager (Male) |
| 22:15 | Build | Blacksmith |
| 22:24 | Create | Villager (Male) |
| 22:41 | Research | Castle Age |
| 22:41 | Research | Castle Age |
| 23:01 | Research | Gold Mining |
| 23:02 | Research | Gold Mining |
| 24:01 | Create | Villager (Male) |
| 24:23 | Build | House |
| 24:25 | Build | House |
| 24:34 | Build | Stone Wall |
| 24:35 | Build | Stone Wall |
| 25:18 | Create | Villager (Male) |
| 25:35 | Age | Castle Age |
| 25:41 | Build | Castle |
| 25:47 | Research | Bow Saw |
| 25:47 | Research | Bow Saw |
| 25:48 | Research | Heavy Plow |
| 25:48 | Research | Heavy Plow |
Build order — retaux
First 150 of 297 actions detected
| 0:01 | Create | Villager (Male) |
| 0:01 | Create | Villager (Male) |
| 0:01 | Create | Villager (Male) |
| 0:01 | Create | Villager (Male) |
| 0:01 | Create | Villager (Male) |
| 0:02 | Build | House |
| 0:03 | Build | House |
| 1:34 | Create | Villager (Male) |
| 1:34 | Create | Villager (Male) |
| 1:34 | Create | Villager (Male) |
| 1:44 | Create | Villager (Male) |
| 1:44 | Create | Villager (Male) |
| 1:44 | Create | Villager (Male) |
| 1:52 | Build | Lumber Camp |
| 2:06 | Create | Villager (Male) |
| 2:06 | Create | Villager (Male) |
| 2:07 | Create | Villager (Male) |
| 2:07 | Create | Villager (Male) |
| 2:39 | Create | Villager (Male) |
| 2:39 | Create | Villager (Male) |
| 3:03 | Create | Villager (Male) |
| 3:03 | Create | Villager (Male) |
| 3:03 | Create | Villager (Male) |
| 3:31 | Build | House |
| 3:32 | Build | House |
| 3:38 | Create | Villager (Male) |
| 3:53 | Create | Villager (Male) |
| 4:30 | Create | Villager (Male) |
| 4:34 | Build | Mill |
| 4:53 | Create | Villager (Male) |
| 5:12 | Create | Villager (Male) |
| 5:34 | Build | Palisade Wall |
| 5:39 | Create | Villager (Male) |
| 5:39 | Create | Villager (Male) |
| 6:34 | Create | Villager (Male) |
| 6:44 | Build | Farm |
| 6:46 | Build | Farm |
| 6:54 | Create | Villager (Male) |
| 7:28 | Research | Loom |
| 7:42 | Build | Mining Camp |
| 7:54 | Create | Villager (Male) |
| 8:20 | Create | Villager (Male) |
| 8:21 | Research | Feudal Age |
| 9:10 | Build | House |
| 10:02 | Build | Mining Camp |
| 10:39 | Create | Villager (Male) |
| 10:40 | Create | Villager (Male) |
| 10:56 | Age | Feudal Age |
| 10:58 | Build | Blacksmith |
| 11:10 | Build | Market |
| 11:38 | Build | Palisade Wall |
| 11:44 | Create | Villager (Male) |
| 12:06 | Research | Castle Age |
| 12:20 | Build | House |
| 13:17 | Research | Stone Mining |
| 13:19 | Research | Double-Bit Axe |
| 13:30 | Research | Horse Collar |
| 13:55 | Build | Farm |
| 13:58 | Build | Farm |
| 14:06 | Build | Farm |
| 14:51 | Age | Castle Age |
| 15:00 | Create | Villager (Male) |
| 15:02 | Build | Castle |
| 15:23 | Create | Villager (Male) |
| 15:26 | Build | Farm |
| 15:32 | Build | Farm |
| 15:35 | Build | Farm |
| 15:44 | Build | Farm |
| 15:48 | Create | Villager (Male) |
| 15:53 | Build | Farm |
| 15:59 | Build | Farm |
| 16:03 | Build | Farm |
| 16:14 | Create | Villager (Male) |
| 16:20 | Build | Farm |
| 16:34 | Build | Farm |
| 16:36 | Create | Villager (Male) |
| 16:48 | Create | Villager (Male) |
| 16:48 | Create | Villager (Male) |
| 16:52 | Build | Farm |
| 17:02 | Build | Farm |
| 17:04 | Create | Janissary |
| 17:16 | Create | Villager (Male) |
| 17:24 | Build | Farm |
| 17:32 | Create | Janissary |
| 17:45 | Create | Villager (Male) |
| 17:49 | Build | Farm |
| 17:54 | Create | Janissary |
| 18:08 | Build | Farm |
| 18:09 | Create | Villager (Male) |
| 18:23 | Create | Janissary |
| 18:28 | Create | Villager (Male) |
| 18:31 | Build | Farm |
| 18:38 | Create | Villager (Male) |
| 18:56 | Create | Janissary |
| 19:03 | Research | Gold Mining |
| 19:04 | Create | Villager (Male) |
| 19:10 | Build | Farm |
| 19:26 | Create | Villager (Male) |
| 19:30 | Create | Villager (Male) |
| 19:41 | Create | Villager (Male) |
| 19:41 | Create | Villager (Male) |
| 19:44 | Create | Janissary |
| 19:49 | Research | Bow Saw |
| 19:54 | Create | Villager (Male) |
| 19:54 | Create | Villager (Male) |
| 19:54 | Create | Villager (Male) |
| 19:54 | Create | Villager (Male) |
| 20:04 | Create | Villager (Male) |
| 20:11 | Create | Janissary |
| 20:27 | Build | Town Center |
| 20:32 | Create | Janissary |
| 20:32 | Create | Villager (Male) |
| 20:40 | Create | Villager (Male) |
| 20:47 | Create | Janissary |
| 20:47 | Create | Villager (Male) |
| 20:55 | Create | Villager (Male) |
| 20:58 | Build | Farm |
| 21:05 | Create | Janissary |
| 21:29 | Create | Janissary |
| 21:45 | Create | Janissary |
| 21:45 | Create | Villager (Male) |
| 21:54 | Create | Villager (Male) |
| 21:56 | Create | Villager (Male) |
| 21:58 | Build | Farm |
| 22:04 | Create | Janissary |
| 22:10 | Create | Villager (Male) |
| 22:13 | Build | House |
| 22:14 | Build | House |
| 22:15 | Build | House |
| 22:42 | Build | Farm |
| 22:44 | Build | Farm |
| 22:45 | Create | Villager (Male) |
| 22:45 | Create | Villager (Male) |
| 22:45 | Create | Villager (Male) |
| 22:49 | Create | Villager (Male) |
| 22:58 | Create | Villager (Male) |
| 23:01 | Create | Janissary |
| 23:01 | Create | Janissary |
| 23:10 | Create | Villager (Male) |
| 23:15 | Create | Villager (Male) |
| 23:21 | Build | Lumber Camp |
| 23:31 | Build | Town Center |
| 23:36 | Create | Villager (Male) |
| 23:36 | Create | Villager (Male) |
| 23:40 | Create | Villager (Male) |
| 23:40 | Create | Villager (Male) |
| 23:43 | Create | Janissary |
| 23:43 | Create | Janissary |
| 23:43 | Create | Janissary |
| 23:48 | Create | Janissary |
Build order — KrazyHands
First 150 of 250 actions detected
| 0:04 | Create | Villager (Male) ×4 |
| 0:06 | Build | House |
| 0:07 | Build | House |
| 1:35 | Create | Villager (Male) |
| 2:04 | Create | Villager (Male) |
| 2:06 | Build | Lumber Camp |
| 2:31 | Create | Villager (Male) |
| 2:52 | Create | Villager (Male) ×2 |
| 3:32 | Create | Villager (Male) |
| 3:50 | Create | Villager (Male) ×2 |
| 3:52 | Build | House |
| 4:22 | Create | Villager (Male) ×2 |
| 4:26 | Build | Mining Camp |
| 5:21 | Build | Palisade Wall |
| 5:22 | Build | Palisade Wall |
| 5:54 | Create | Villager (Male) |
| 6:26 | Research | Feudal Age |
| 7:39 | Build | Barracks |
| 8:12 | Create | Villager (Male) |
| 8:24 | Build | House |
| 8:36 | Age | Feudal Age |
| 8:54 | Build | Archery Range |
| 8:56 | Build | Archery Range |
| 9:07 | Create | Villager (Male) |
| 9:07 | Create | Villager (Male) |
| 9:40 | Create | Villager (Male) |
| 9:48 | Build | Mill |
| 9:52 | Build | House |
| 9:53 | Build | House |
| 9:55 | Create | Archer |
| 9:56 | Create | Archer |
| 10:00 | Create | Archer |
| 10:00 | Create | Archer |
| 10:11 | Create | Villager (Male) |
| 10:29 | Research | Double-Bit Axe |
| 10:42 | Create | Archer |
| 10:43 | Create | Archer |
| 10:48 | Create | Villager (Male) |
| 10:51 | Build | Blacksmith |
| 11:02 | Create | Archer |
| 11:10 | Create | Villager (Male) |
| 11:15 | Build | Palisade Wall |
| 11:26 | Create | Archer |
| 11:37 | Create | Archer |
| 11:41 | Build | Farm |
| 11:50 | Create | Villager (Male) |
| 11:52 | Build | Farm |
| 11:55 | Build | Farm |
| 12:08 | Research | Fletching |
| 12:13 | Build | House |
| 12:42 | Create | Archer |
| 12:42 | Create | Archer |
| 12:43 | Create | Villager (Male) |
| 12:46 | Build | House |
| 12:49 | Build | Farm |
| 13:02 | Create | Archer |
| 13:03 | Create | Villager (Male) |
| 13:13 | Build | Farm |
| 13:16 | Create | Archer |
| 13:21 | Build | House |
| 13:32 | Create | Villager (Male) |
| 13:35 | Create | Villager (Male) |
| 13:40 | Build | Farm |
| 13:43 | Create | Archer |
| 13:43 | Create | Archer |
| 13:56 | Build | House |
| 14:05 | Create | Archer |
| 14:11 | Build | Farm |
| 14:14 | Create | Villager (Male) |
| 14:35 | Create | Archer |
| 14:48 | Create | Villager (Male) |
| 14:49 | Create | Villager (Male) |
| 14:52 | Build | Farm |
| 14:53 | Build | Farm |
| 15:00 | Research | Loom |
| 15:00 | Research | Town Watch |
| 15:19 | Create | Archer |
| 15:36 | Build | Farm |
| 15:58 | Create | Archer |
| 15:58 | Create | Archer |
| 16:02 | Build | Market |
| 16:08 | Create | Villager (Male) |
| 16:09 | Create | Villager (Male) |
| 16:22 | Create | Archer |
| 16:22 | Create | Archer |
| 16:36 | Create | Villager (Male) |
| 16:39 | Build | House |
| 16:42 | Build | House |
| 17:09 | Build | Farm |
| 17:55 | Research | Castle Age |
| 17:59 | Create | Archer |
| 18:42 | Create | Villager (Male) |
| 18:44 | Build | Archery Range |
| 18:57 | Research | Gold Mining |
| 19:18 | Build | Lumber Camp |
| 19:32 | Create | Archer |
| 19:32 | Create | Archer |
| 19:54 | Create | Archer |
| 20:22 | Build | House |
| 20:35 | Age | Castle Age |
| 20:37 | Research | Crossbowman (upgrade) |
| 20:38 | Research | Bodkin Arrow |
| 20:40 | Research | Town Watch |
| 20:41 | Research | Wheelbarrow |
| 20:46 | Research | Bow Saw |
| 21:00 | Create | Archer |
| 21:00 | Create | Archer |
| 21:08 | Build | University |
| 21:09 | Create | Villager (Male) |
| 21:46 | Create | Archer ×5 |
| 21:53 | Create | Villager (Male) |
| 21:54 | Create | Villager (Male) |
| 21:54 | Create | Villager (Male) |
| 21:58 | Build | Farm |
| 22:00 | Build | Farm |
| 22:13 | Build | Farm |
| 22:15 | Build | Farm |
| 22:40 | Create | Archer ×5 |
| 22:44 | Create | Villager (Male) |
| 22:45 | Create | Villager (Male) |
| 23:12 | Research | Ballistics |
| 23:20 | Create | Villager (Male) |
| 23:25 | Create | Villager (Male) |
| 23:25 | Create | Villager (Male) |
| 23:28 | Create | Archer ×2 |
| 23:56 | Create | Villager (Male) |
| 23:56 | Create | Villager (Male) |
| 24:02 | Build | Town Center |
| 24:05 | Build | Farm |
| 24:09 | Create | Archer |
| 24:09 | Create | Archer |
| 24:28 | Create | Archer ×3 |
| 24:35 | Create | Archer |
| 24:45 | Create | Villager (Male) ×4 |
| 24:48 | Build | Farm |
| 24:48 | Build | Farm |
| 24:48 | Build | Farm |
| 24:55 | Create | Archer |
| 24:58 | Create | Villager (Male) |
| 25:01 | Build | House |
| 25:02 | Build | House |
| 25:19 | Create | Villager (Male) |
| 25:21 | Create | Archer ×3 |
| 25:33 | Create | Archer |
| 25:52 | Create | Villager (Male) |
| 25:53 | Create | Villager (Male) |
| 25:59 | Build | Town Center |
| 26:09 | Create | Villager (Male) |
| 26:28 | Create | Villager (Male) |
| 26:34 | Build | Farm |
Build order — Boost'Hate John
First 150 of 246 actions detected
| 0:02 | Create | Villager (Male) |
| 0:03 | Create | Villager (Male) |
| 0:03 | Create | Villager (Male) |
| 0:04 | Build | House |
| 0:05 | Build | House |
| 1:02 | Create | Villager (Male) |
| 1:02 | Create | Villager (Male) |
| 1:39 | Create | Villager (Male) |
| 1:39 | Create | Villager (Male) |
| 1:55 | Build | Lumber Camp |
| 2:24 | Create | Villager (Male) |
| 2:25 | Create | Villager (Male) |
| 2:46 | Create | Villager (Male) |
| 2:46 | Create | Villager (Male) |
| 3:07 | Create | Villager (Male) |
| 3:42 | Build | House |
| 3:56 | Create | Villager (Male) |
| 3:57 | Create | Villager (Male) |
| 4:05 | Build | House |
| 4:27 | Create | Villager (Male) |
| 4:41 | Create | Villager (Male) |
| 5:31 | Create | Villager (Male) |
| 5:31 | Create | Villager (Male) |
| 5:31 | Create | Villager (Male) |
| 5:31 | Create | Villager (Male) |
| 5:46 | Build | Barracks |
| 6:17 | Research | Loom |
| 6:23 | Build | Mining Camp |
| 6:42 | Build | Mill |
| 6:50 | Research | Feudal Age |
| 7:03 | Create | Militia |
| 7:09 | Build | House |
| 7:26 | Create | Militia |
| 7:44 | Create | Militia |
| 7:44 | Create | Militia |
| 8:24 | Create | Villager (Male) |
| 8:53 | Age | Feudal Age |
| 8:54 | Research | Man-at-Arms (upgrade) |
| 8:54 | Research | Man-at-Arms (upgrade) |
| 9:16 | Build | Watch Tower |
| 9:20 | Create | Villager (Male) |
| 9:21 | Create | Villager (Male) |
| 9:23 | Build | Mining Camp |
| 9:40 | Create | Villager (Male) |
| 10:12 | Create | Villager (Male) |
| 10:12 | Create | Villager (Male) |
| 11:10 | Build | Watch Tower |
| 11:15 | Create | Villager (Male) |
| 11:15 | Create | Villager (Male) |
| 11:46 | Build | Watch Tower |
| 11:51 | Create | Villager (Male) |
| 12:19 | Create | Villager (Male) |
| 12:27 | Build | Farm |
| 12:28 | Build | Farm |
| 12:30 | Build | Farm |
| 12:31 | Build | Farm |
| 12:39 | Create | Villager (Male) |
| 12:40 | Build | Farm |
| 12:42 | Build | Farm |
| 12:45 | Build | Farm |
| 12:51 | Research | Town Watch |
| 12:54 | Build | House |
| 13:17 | Build | Farm |
| 13:17 | Create | Villager (Male) |
| 13:17 | Create | Villager (Male) |
| 13:20 | Build | House |
| 13:35 | Create | Militia |
| 13:48 | Create | Villager (Male) |
| 13:48 | Create | Villager (Male) |
| 13:50 | Build | Farm |
| 14:08 | Build | Watch Tower |
| 14:13 | Create | Villager (Male) |
| 14:19 | Create | Villager (Male) |
| 14:20 | Build | Farm |
| 14:57 | Create | Villager (Male) |
| 14:58 | Build | Blacksmith |
| 15:45 | Research | Fletching |
| 15:49 | Build | Farm |
| 15:50 | Build | Farm |
| 15:50 | Create | Villager (Male) |
| 15:51 | Create | Villager (Male) |
| 16:01 | Build | Watch Tower |
| 16:04 | Create | Villager (Male) |
| 16:07 | Build | Farm |
| 16:13 | Research | Double-Bit Axe |
| 16:56 | Create | Villager (Male) |
| 17:20 | Create | Villager (Male) |
| 17:50 | Create | Villager (Male) |
| 18:01 | Create | Villager (Male) |
| 18:11 | Build | House |
| 18:33 | Create | Villager (Male) |
| 18:38 | Build | Farm |
| 18:38 | Build | Farm |
| 19:01 | Create | Villager (Male) |
| 19:24 | Build | Gate |
| 19:34 | Create | Villager (Male) |
| 19:35 | Create | Villager (Male) |
| 19:39 | Build | Market |
| 19:47 | Build | Stone Wall |
| 20:18 | Research | Castle Age |
| 20:22 | Build | Farm |
| 20:23 | Build | Farm |
| 20:43 | Build | House |
| 20:44 | Build | House |
| 21:08 | Build | House |
| 21:09 | Build | House |
| 21:21 | Research | Horse Collar |
| 22:23 | Build | House |
| 22:30 | Create | Villager (Male) |
| 22:45 | Age | Castle Age |
| 22:47 | Create | Villager (Male) |
| 23:12 | Build | Castle |
| 23:19 | Create | Villager (Male) |
| 23:24 | Research | Bow Saw |
| 24:18 | Create | Villager (Male) |
| 24:38 | Create | Villager (Male) |
| 24:46 | Build | Town Center |
| 24:52 | Build | Lumber Camp |
| 24:57 | Create | Villager (Male) |
| 25:18 | Create | War Elephant |
| 25:18 | Create | War Elephant |
| 25:26 | Create | Villager (Male) |
| 25:26 | Create | Villager (Male) |
| 25:41 | Create | Villager (Male) |
| 25:41 | Create | Villager (Male) |
| 25:49 | Research | Scale Barding Armor |
| 25:52 | Create | War Elephant |
| 25:53 | Create | War Elephant |
| 26:33 | Create | War Elephant |
| 26:40 | Create | Villager (Male) |
| 26:40 | Create | Villager (Male) |
| 26:42 | Build | Farm |
| 26:43 | Build | Farm |
| 26:45 | Build | Farm |
| 26:46 | Build | Farm |
| 26:47 | Build | Farm |
| 27:05 | Create | Villager (Male) |
| 27:05 | Create | Villager (Male) |
| 27:26 | Create | War Elephant |
| 27:27 | Create | Villager (Male) |
| 27:27 | Create | Villager (Male) |
| 27:27 | Create | Villager (Male) |
| 27:37 | Build | Farm |
| 27:38 | Build | Farm |
| 27:39 | Build | Farm |
| 27:40 | Build | Farm |
| 27:41 | Build | Farm |
| 27:42 | Create | Villager (Male) |
| 27:42 | Create | Villager (Male) |
| 27:58 | Create | Villager (Male) |
Build order — pau7o
First 150 of 321 actions detected
| 0:02 | Build | House |
| 0:03 | Build | House |
| 0:16 | Create | Villager (Male) |
| 0:16 | Create | Villager (Male) |
| 0:17 | Create | Villager (Male) |
| 0:30 | Create | Villager (Male) |
| 1:30 | Create | Villager (Male) |
| 1:30 | Create | Villager (Male) |
| 2:09 | Build | Lumber Camp |
| 2:11 | Create | Villager (Male) |
| 2:11 | Create | Villager (Male) |
| 2:23 | Create | Villager (Male) |
| 2:23 | Create | Villager (Male) |
| 3:08 | Create | Villager (Male) |
| 3:08 | Create | Villager (Male) |
| 3:09 | Create | Villager (Male) |
| 3:21 | Create | Villager (Male) |
| 3:42 | Build | House |
| 3:48 | Create | Villager (Male) |
| 3:49 | Create | Villager (Male) |
| 4:30 | Create | Villager (Male) |
| 4:30 | Create | Villager (Male) |
| 5:01 | Build | House |
| 5:22 | Create | Villager (Male) |
| 5:22 | Create | Villager (Male) |
| 5:59 | Create | Villager (Male) |
| 5:59 | Create | Villager (Male) |
| 5:59 | Create | Villager (Male) |
| 6:06 | Create | Villager (Male) |
| 6:53 | Create | Villager (Male) |
| 7:17 | Build | Mill |
| 7:24 | Create | Villager (Male) |
| 7:50 | Build | Mining Camp |
| 8:09 | Create | Villager (Male) |
| 8:43 | Research | Feudal Age |
| 9:01 | Build | Farm |
| 9:08 | Build | House |
| 9:43 | Build | Barracks |
| 9:49 | Build | Barracks |
| 9:58 | Build | Farm |
| 10:28 | Create | Villager (Male) |
| 10:28 | Create | Villager (Male) |
| 11:11 | Age | Feudal Age |
| 11:14 | Build | Stable |
| 11:24 | Build | Blacksmith |
| 12:07 | Research | Castle Age |
| 12:36 | Research | Double-Bit Axe |
| 12:42 | Build | Lumber Camp |
| 12:54 | Research | Horse Collar |
| 13:13 | Build | Farm |
| 13:33 | Build | Farm |
| 13:36 | Build | Farm |
| 13:52 | Build | Farm |
| 14:20 | Build | Farm |
| 14:23 | Build | Farm |
| 14:37 | Build | House |
| 14:47 | Age | Castle Age |
| 14:50 | Create | Knight |
| 14:52 | Create | Villager (Male) |
| 15:06 | Build | Town Center |
| 15:13 | Build | Farm |
| 15:14 | Build | Farm |
| 15:16 | Build | House |
| 15:18 | Create | Villager (Male) |
| 15:22 | Build | Farm |
| 15:25 | Create | Knight |
| 15:26 | Create | Villager (Male) |
| 15:45 | Create | Villager (Male) |
| 15:49 | Build | House |
| 15:51 | Build | Farm |
| 16:04 | Create | Villager (Male) |
| 16:18 | Create | Villager (Male) |
| 16:41 | Build | House |
| 17:06 | Research | Scale Barding Armor |
| 17:11 | Build | Farm |
| 17:13 | Build | Farm |
| 17:14 | Create | Villager (Male) |
| 17:22 | Build | House |
| 17:37 | Create | Villager (Male) |
| 17:37 | Create | Villager (Male) |
| 17:45 | Build | Farm |
| 17:47 | Create | Villager (Male) |
| 17:47 | Create | Villager (Male) |
| 17:47 | Create | Villager (Male) |
| 18:09 | Build | Town Center |
| 18:14 | Research | Gold Mining |
| 18:15 | Build | Farm |
| 18:26 | Create | Villager (Male) |
| 18:31 | Build | Lumber Camp |
| 18:40 | Create | Knight |
| 18:43 | Research | Loom |
| 18:51 | Create | Villager (Male) |
| 18:51 | Create | Villager (Male) |
| 19:00 | Build | Farm |
| 19:07 | Create | Villager (Male) |
| 19:07 | Create | Villager (Male) |
| 19:13 | Build | Farm |
| 19:14 | Build | Farm |
| 19:21 | Create | Knight |
| 19:24 | Build | Farm |
| 19:38 | Create | Villager (Male) |
| 19:38 | Create | Villager (Male) |
| 19:40 | Create | Villager (Male) |
| 19:40 | Create | Villager (Male) |
| 19:52 | Build | House |
| 19:53 | Build | House |
| 19:54 | Build | House |
| 19:58 | Create | Villager (Male) |
| 19:59 | Create | Villager (Male) |
| 19:59 | Create | Villager (Male) |
| 20:28 | Create | Villager (Male) |
| 20:28 | Create | Villager (Male) |
| 20:28 | Create | Villager (Male) |
| 20:31 | Build | Farm |
| 20:32 | Build | Farm |
| 20:41 | Build | Farm |
| 20:52 | Create | Villager (Male) |
| 20:52 | Create | Villager (Male) |
| 20:53 | Create | Villager (Male) |
| 20:53 | Create | Villager (Male) |
| 20:56 | Build | Farm |
| 21:00 | Build | Farm |
| 21:05 | Build | Farm |
| 21:07 | Create | Villager (Male) |
| 21:07 | Create | Villager (Male) |
| 21:22 | Create | Villager (Male) |
| 21:28 | Build | Market |
| 21:31 | Research | Heavy Plow |
| 21:50 | Build | Farm |
| 21:56 | Build | House |
| 22:01 | Create | Villager (Male) |
| 22:01 | Create | Villager (Male) |
| 22:05 | Research | Bow Saw |
| 22:17 | Create | Knight |
| 22:31 | Create | Villager (Male) |
| 22:31 | Create | Villager (Male) |
| 22:31 | Create | Villager (Male) |
| 22:42 | Build | Town Center |
| 22:48 | Create | Knight |
| 22:57 | Research | Forging |
| 23:00 | Build | Farm |
| 23:13 | Build | Stable |
| 23:20 | Create | Knight |
| 23:21 | Create | Villager (Male) |
| 23:21 | Create | Villager (Male) |
| 23:22 | Create | Villager (Male) |
| 23:34 | Build | House |
| 23:35 | Build | House |
| 23:35 | Build | House |
| 23:43 | Create | Knight |
Match timeline
| 5:21 | KrazyHands · wall_segment Palisade Wall x1 |
| 5:22 | KrazyHands · wall_segment Palisade Wall x1 |
| 5:34 | retaux · wall_segment Palisade Wall x1 |
| 5:36 | LvSP | Réyiman · first_building Barracks |
| 5:46 | Boost'Hate John · first_building Barracks |
| 7:35 | TAG_Sitaux · first_building Barracks |
| 7:39 | KrazyHands · first_building Barracks |
| 8:36 | KrazyHands · age_up feudal |
| 8:53 | Boost'Hate John · age_up feudal |
| 8:54 | KrazyHands · first_building Archery Range |
| 9:16 | TAG_Sitaux · age_up feudal |
| 9:18 | TAG_Sitaux · first_building Stable |
| 9:22 | TAG_Sitaux · wall_segment Palisade Wall x1 |
| 9:32 | LvSP | Réyiman · age_up feudal |
| 9:35 | LvSP | Réyiman · first_building Archery Range |
| 9:43 | pau7o · first_building Barracks |
| 9:57 | LvSP | Réyiman · wall_segment Stone Wall x4 |
| 10:15 | LvSP | Réyiman · wall_segment Stone Wall x1 |
| 10:16 | LvSP | Réyiman · wall_segment Stone Wall x1 |
| 10:19 | LvSP | Réyiman · wall_segment Stone Wall x1 |
| 10:23 | LvSP | Réyiman · wall_segment Stone Wall x6 |
| 10:53 | LvSP | Réyiman · wall_segment Stone Wall x1 |
| 10:56 | retaux · age_up feudal |
| 10:59 | LvSP | Réyiman · wall_segment Stone Wall x1 |
| 11:11 | pau7o · age_up feudal |
| 11:14 | pau7o · first_building Stable |
| 11:15 | KrazyHands · wall_segment Palisade Wall x1 |
| 11:38 | retaux · wall_segment Palisade Wall x3 |
| 14:06 | LvSP | Réyiman · wall_segment Stone Wall x1 |
| 14:08 | LvSP | Réyiman · wall_segment Stone Wall x1 |
| 14:47 | pau7o · age_up castle |
| 14:51 | retaux · age_up castle |
| 14:59 | retaux · first_market_buy 100 stone |
| 15:02 | retaux · first_building Castle |
| 16:02 | LvSP | Réyiman · wall_segment Stone Wall x1 |
| 16:04 | LvSP | Réyiman · wall_segment Stone Wall x1 |
| 16:07 | LvSP | Réyiman · wall_segment Stone Wall x1 |
| 16:08 | LvSP | Réyiman · wall_segment Stone Wall x1 |
| 16:09 | LvSP | Réyiman · wall_segment Stone Wall x2 |
| 16:25 | LvSP | Réyiman · wall_segment Stone Wall x1 |
| 16:27 | LvSP | Réyiman · wall_segment Stone Wall x1 |
| 16:28 | LvSP | Réyiman · wall_segment Stone Wall x1 |
| 16:30 | LvSP | Réyiman · wall_segment Stone Wall x1 |
| 17:35 | TAG_Sitaux · age_up castle |
| 17:46 | KrazyHands · first_market_sell 500 wood |
| 17:47 | KrazyHands · first_market_buy 100 food |
| 19:47 | Boost'Hate John · wall_segment Stone Wall x8 |
| 20:35 | KrazyHands · age_up castle |
| 21:18 | LvSP | Réyiman · first_market_buy 500 food |
| 21:19 | LvSP | Réyiman · first_market_sell 500 wood |
| 22:40 | pau7o · first_market_buy 100 stone |
| 22:45 | Boost'Hate John · age_up castle |
| 23:12 | Boost'Hate John · first_building Castle |
| 24:34 | LvSP | Réyiman · wall_segment Stone Wall x1 |
| 24:35 | LvSP | Réyiman · wall_segment Stone Wall x1 |
| 24:53 | retaux · first_building Siege Workshop |
| 25:35 | LvSP | Réyiman · age_up castle |
| 25:41 | LvSP | Réyiman · first_building Castle |
| 25:57 | LvSP | Réyiman · first_building Monastery |
| 26:10 | pau7o · wall_segment Palisade Wall x1 |
| 26:11 | pau7o · wall_segment Palisade Wall x1 |
| 26:33 | TAG_Sitaux · first_building Castle |
| 26:43 | LvSP | Réyiman · wall_segment Stone Wall x1 |
| 26:44 | LvSP | Réyiman · wall_segment Stone Wall x1 |
| 26:45 | LvSP | Réyiman · wall_segment Stone Wall x1 |
| 28:18 | Boost'Hate John · first_building Monastery |
| 28:43 | pau7o · first_building Castle |
| 29:05 | retaux · first_market_sell 100 wood |
| 29:18 | pau7o · wall_segment Palisade Wall x1 |
| 29:21 | pau7o · wall_segment Palisade Wall x1 |
| 29:22 | pau7o · wall_segment Palisade Wall x1 |
| 29:31 | Boost'Hate John · first_building Stable |
| 29:37 | TAG_Sitaux · first_market_sell 100 wood |
| 29:40 | retaux · first_building Monastery |
| 31:08 | pau7o · first_market_sell 100 food |
| 31:23 | Boost'Hate John · first_market_buy 100 food |
| 31:50 | KrazyHands · wall_segment Palisade Wall x1 |
| 32:28 | retaux · age_up imperial |
| 32:48 | TAG_Sitaux · age_up imperial |
| 34:24 | pau7o · age_up imperial |
| 35:19 | LvSP | Réyiman · age_up imperial |
| 35:24 | KrazyHands · resign |
[ AI ANALYSIS · 1 CREDIT ]
What really happened in this match?
Wolo.gg analyzes every decision: build order, eco, micro, common mistakes by bracket. Personalized analysis on WhatsApp or Discord in 30 seconds.
Civ guide
Poles
Perfil
Jugador #212721